 Dungeon Crawl Stone Soup version 0.25-a0-424-g80bd347ae0 (webtiles) character file.

Game seed: 16015634076236006246, levelgen mode: deterministic

107 Kohma the Stinger (level 4, 0/38 HPs)
             Began as a Naga Venom Mage on Jan 23, 2020.
             Slain by Natasha (10 damage)
             ... on level 3 of the Dungeon.
             The game lasted 00:07:10 (3115 turns).

Kohma the Stinger (Naga Venom Mage)                 Turns: 3115, Time: 00:07:10

Health: 0/38       AC:  2    Str: 11    XL:     4   Next: 85%
Magic:  0/8        EV:  9    Int: 16    God:
Gold:   136        SH:  4    Dex: 11    Spells: 2/8 levels left

rFire    . . .     SeeInvis +   d - +0 dagger
rCold    . . .     Gourm    .   g - +0 buckler
rNeg     . . .     Faith    .   a - +0 robe
rPois    +         Spirit   .   (no helmet)
rElec    .         Reflect  .   (no cloak)
rCorr    .         Harm     .   (no gloves)
MR       .....                  (no barding)
Stlth    ++........             (no amulet)
HPRegen  0.12/turn              (no ring)
MPRegen  0.11/turn              (no ring)

@: very slow
A: large, see invisible, deformed body, poison resistance, slowness 2, slow
metabolism 1, spit poison 1, AC +1
a: Spit Poison


You were on level 3 of the Dungeon.
You were hungry.

You visited 1 branch of the dungeon, and saw 3 of its levels.

You collected 136 gold pieces.

Inventory:

Hand Weapons
 d - a +0 dagger (weapon)
Missiles
 r - 43 poisoned darts (quivered)
Armour
 a - a +0 robe (worn)
 g - a +0 buckler (worn)
Scrolls
 e - a scroll of fog {unknown}
 f - 2 scrolls of immolation {unknown}
 h - 3 scrolls of magic mapping {unknown}
 j - a scroll of enchant armour {unknown}
 l - 3 scrolls of remove curse {unknown}
 m - 3 scrolls of identify {unknown}
 n - a scroll of teleportation {unknown}
 q - 2 scrolls of enchant weapon {unknown}
Potions
 b - 5 potions of degeneration {unknown}
 i - a potion of resistance {unknown}
 k - a potion of invisibility {unknown}
 p - a potion of might {unknown}
Comestibles
 c - 6 rations
 o - a chunk of flesh


   Skills:
 - Level 1.0 Fighting
 - Level 1.5 Dodging
 - Level 3.0 Stealth
 * Level 1.7 Shields
 + Level 2.7 Spellcasting
 - Level 1.0 Transmutations
 * Level 5.4 Poison Magic


You had 2 spell levels left.
You knew the following spells:

 Your Spells              Type           Power        Failure   Level  Hunger
a - Sting                 Tmut/Pois      ##..         6%          1    #......
b - Poisonous Vapours     Pois/Air       ##....       11%         2    ##.....
c - Mephitic Cloud        Conj/Pois/Air  #.......     30%         3    ###....

Your spell library contained the following spells:

 Spells                   Type           Power        Failure   Level  Hunger
 Olgreb's Toxic Radiance  Pois           ###.....     24%         4    #####..
 Ignite Poison            Fire/Tmut/Pois #.......     26%         3    ###....


Dungeon Overview and Level Annotations

Branches:
Dungeon (3/15)

Altars:
Sif Muna

Annotations:
D:3 Natasha


Innate Abilities, Weirdness & Mutations

You cannot wear boots.
Your serpentine skin is tough. (AC +1)
You have supernaturally acute eyesight. (SInv)
Armour fits poorly on your strangely shaped body.
Your system is resistant to poisons. (rPois)
You cover ground very slowly.
You have a slow metabolism.
You can spit poison.


Message History

Aim: Natasha (moderately wounded, very poisoned)
The sting misses Natasha.
You are feeling hungry.
Natasha claws you but does no damage.
You hit Natasha but do no damage.
Natasha is heavily wounded.
Natasha claws you.
* * * LOW HITPOINT WARNING * * *
You closely miss Natasha.
Natasha is heavily wounded.
You block Natasha's attack.
You barely miss Natasha.
Natasha is heavily wounded.
Natasha mewls in sadness.
Natasha claws you.
* * * LOW HITPOINT WARNING * * *
You closely miss Natasha.
Natasha is heavily wounded.
Natasha claws you!
You die...

### #[...#########
รท.###[#......<...#
...##)#..#######.#
.................#
...##.#.########.#
# #..##.#.# #.#.#
...##.#.# #.#.#####
#.......# #.h......
#...##.## #@#
#...##.# ###.#.#
#...##.# #.....#
#..###.# #.#.#.#
...#
#.#######.###.#
#.## #.......#.# #
#.# #...[...#.#
#.####.......#>#
#..............#


You could see Natasha.

Vanquished Creatures
  2 adders (D:2)
  A worm (D:2)
  5 dart slugs
  A leopard gecko (D:1)
  A ball python (D:2)
  14 giant cockroaches
  6 goblins
  6 hobgoblins
  4 jackals (D:1)
  7 kobolds
  7 bats
  6 frilled lizards
  10 rats
70 creatures vanquished.

Notes
Turn   | Place    | Note
-------+----------+-------------------------------------------
     0 | D:1      | Kohma the Naga Venom Mage began the quest for the Orb.
     0 | D:1      | Reached XP level 1. HP: 15/15 MP: 3/3
   169 | D:1      | Reached XP level 2. HP: 19/24 MP: 0/5
   736 | D:1      | Reached XP level 3. HP: 30/30 MP: 3/6
  1278 | D:1      | Reached skill level 1 in Fighting
  1454 | D:2      | Reached skill level 1 in Shields
  1454 | D:2      | Reached skill level 5 in Poison Magic
  1461 | D:2      | Learned a level 2 spell: Poisonous Vapours
  1465 | D:2      | Learned a level 3 spell: Mephitic Cloud
  1568 | D:2      | Found a shimmering blue altar of Sif Muna.
  1792 | D:2      | Reached XP level 4. HP: 38/38 MP: 0/7
  3099 | D:3      | Noticed Natasha
  3115 | D:3      | Slain by Natasha

Levels and vault maps discovered:
D:1:      minmay_arrival_up_and_down, layout_basic, minmay_misc_feat_doors,
          minivault_25
D:2:      minmay_roachtagon, layout_loops_cross, overflow_temple_1_default
D:3:      layout_loops_ring, mrwooster_statue_mirror, minivault_23,
          xom_teletrap_fun, uniq_natasha

Skill      XL: |  1  2  3 |
---------------+----------+-----
Fighting       | 1 |  1.0
Shields        | 1 |  1.7
Poison Magic   | 5 |  5.4
Dodging        | |  1.5
Stealth        | |  3.0
Spellcasting   | |  2.7
Transmutations | |  1.0

Action                   |  1- 3 |  4- 6 || total
-------------------------+-------+-------++-------
Melee: Hand axe          |     2 |       ||     2
       Dagger            |    45 |    51 ||    96
 Cast: Sting             |    59 |    55 ||   114
       Poisonous Vapours |     3 |       ||     3
       Mephitic Cloud    |       |     1 ||     1
 Stab: Sleeping          |     1 |     1 ||     2
  Eat: Chunk             |     2 |     4 ||     6
Armor: Robe              |    16 |    30 ||    46
Dodge: Dodged            |    30 |    58 ||    88
Block: Buckler           |     7 |    20 ||    27

Table legend:
 A = Non-vault XP
 B = Vault XP
 C = Vault XP percentage of total XP
 D = Non-vault monster count
 E = Vault monster count
 F = Vault count percentage of total count
                 A         B        C        D         E       F
            +---------+---------+-------+---------+---------+-------
      Total |     127 |      26 |  17.0 |      57 |      13 |  18.6
            +---------+---------+-------+---------+---------+-------
        D:1 |      51 |       0 |   0.0 |      29 |       0 |   0.0
        D:2 |      72 |      26 |  26.5 |      25 |      13 |  34.2
        D:3 |       4 |       0 |   0.0 |       3 |       0 |   0.0
            +---------+---------+-------+---------+---------+-------
